 Dungeon Crawl Stone Soup version 0.28.0-53-g5a82cb258f (webtiles) character file.

Game seed: 6763816050466104678

1944 Sin92 the Chopper (level 9, -5/65 HPs)
             Began as a Djinni Fighter on July 5, 2022.
             Was an Initiate of Okawaru.
             Killed from afar by Dowan (32 damage)
             ... with a shard of ice
             ... on level 5 of the Dungeon.
             The game lasted 00:08:40 (6318 turns).

Sin92 the Chopper (Djinni Fighter)                  Turns: 6318, Time: 00:08:42

Health: -5/65      AC: 13    Str: 21      XL:     9   Next: 41%
Gold:   139        EV:  7    Int:  6 (9)  God:    Okawaru [......] SH:  5 Dex: 13 (14)

rFire   + + .      SeeInvis .   a - +0 war axe
rCold   x . .      Faith    .   c - +0 buckler
rNeg    . . .      Spirit   .   l - +1 chain mail
rPois   ∞          Reflect  .   r - +2 hat
rElec   .          Harm     .   (no cloak)
rCorr   .          Rampage  .   (no gloves)
Will    .....                   (boots unavailable)
Stlth   ..........              (no amulet)
HPRegen 0.20/turn               (no ring)
MPRegen 0.00/turn               (no ring)

@: flying, studying Long Blades
A: sickness immunity, fire resistance 2, cold vulnerability 1, float, innate
caster, HP casting, extra vitality 1, claws 1, strong 1
a: Renounce Religion


You were on level 5 of the Dungeon.
You worshipped Okawaru.
Okawaru was noncommittal.
You visited 2 branches of the dungeon, and saw 6 of its levels.

You collected 139 gold pieces.

Inventory:

Hand Weapons
 a - a +0 war axe (weapon)
 o - a +0 whip of freezing
Missiles
 m - a throwing net (quivered)
Armour
 b - a +0 scale mail
 c - a +0 buckler (worn)
 l - a +1 chain mail (worn)
 r - a +2 hat (worn)
Jewellery
 t - a ring of wizardry
Wands
 f - a wand of mindburst (17)
 n - a wand of paralysis (8)
 v - a wand of iceblast (14)
Scrolls
 h - 3 scrolls of teleportation
 i - a scroll of magic mapping
 q - a scroll of identify
Potions
 d - a potion of might
 e - 2 potions of curing
 g - a potion of lignification
 j - a potion of cancellation
 p - 2 potions of invisibility


   Skills:
 + Level 5.6 Fighting
 * Level 5.9 Axes
 + Level 5.5 Armour
 + Level 5.5 Shields
 + Level 3.3 Spellcasting


You had 5 spell levels left.
You knew the following spells:

 Your Spells              Type           Power      Damage    Failure   Level
a - Summon Small Mammal   Summ           16%        N/A       69%         1
b - Searing Ray           Conj           8%         2d4       83%         2
c - Tukima's Dance        Hex            4%         N/A       96%         3
d - Ignite Poison         Fire/Tmut/Pois 4%         N/A       96%         3
Your spell library was empty.

Dungeon Overview and Level Annotations

Branches:
Dungeon (5/15)             Temple (1/1) D:5

Altars:
Ashenzari
Cheibriados
Dithmenos
Elyvilon
Fedhas
Gozag
Hepliaklqana
Makhleb
Nemelex Xobeh
Okawaru
Qazlal
Ru
Trog
Vehumet
Wu Jian
Xom
The Shining One

Annotations:
D:3 2 transporters, concernfroge's ghost, weakling DECj
D:5 Dowan


Innate Abilities, Weirdness & Mutations

You are immune to sickness and miasma.
You are immune to poison.
Your flesh is very heat resistant. (rF++)
You are vulnerable to cold. (rC-)
You float through the air rather than walking.
You learn spells naturally, not from books.
Your magical power is your life essence.
You have superior vitality. (+4 MHP)
You have sharp fingernails.
Your muscles are strong. (Str +2)


Message History

You closely miss Dowan.
Dowan is severely wounded.
Dowan hits you with a +0 dagger. Dowan barely misses you.
You closely miss Dowan.
Dowan is heavily wounded.
Dowan hits you but does no damage. x2
You hit Dowan.
Dowan is severely wounded.
Dowan hits you with a +0 dagger. You block Dowan's attack.
You hit Dowan.
Dowan is almost dead.
Dowan hits you but does no damage. x2
You hit Dowan but do no damage.
Dowan is almost dead.
Dowan hits you but does no damage. Dowan hits you with a +0 dagger.
You barely miss Dowan.
Dowan is almost dead.
Dowan gestures wildly while chanting.
Dowan blinks!
Unknown command.
Things that are here:
a +0 short sword; a +0 scale mail; the elf corpse of Duvessa Dowan hits you but does no damage.
You block Dowan's attack.
You closely miss Dowan.
Dowan is almost dead.
Dowan barely misses you.
You barely miss Dowan.
Dowan is almost dead.
Dowan gestures at you while chanting. The shard of ice misses you.
Dowan hits you but does no damage.
You hit Dowan but do no damage.
Dowan is almost dead.
You block Dowan's attack. Dowan hits you but does no damage.
You barely miss Dowan.
Dowan is almost dead.
Dowan gestures wildly while chanting.
Dowan blinks!
Dowan points at you and mumbles some strange words.
The shard of ice hits you!!
You feel a painful chill!
You die...

####.# ####.#####.# ##.#.#
####.###..)....##.# ##.###.
#........##.##.##!#### #.## ##
#.##.######.##.......# ##.###.
.....### #.......##.# ##.#..
#......# ##########.#### ##...
...###.# #§......# #... .....#.#
####.##.##.# #...
...#.#.#######.§@....e..# #...
#.##.#.##.....?##.....#.######...
#......##......##.§.#.#..........
####.####.....e........(.........
##.# #......##................
#..# #......##.....#.######..
#.## ######..........# #.#
#########.### #.# #.......#.# #.


You could see Dowan (fast).

Vanquished Creatures
  Pikel (D:4)
  A yak (D:4)
  A wraith (D:5)
  Eustachio (D:5)
  Duvessa (D:5)
  A water moccasin (D:5)
  A sky beast (D:5)
  An ogre (D:4)
  A bullfrog (D:4)
  A phantom (D:5)
  Blork the orc (D:5)
  A scorpion (D:5)
  A bullfrog zombie (D:5)
  4 hounds
  An orc priest (D:4)
  A bullfrog skeleton (D:5)
  Ijyb (D:5)
  3 iguanas
  A hound skeleton (D:4)
  5 adders
  A white imp (D:5)
  2 worms
  4 dart slugs
  An orc (D:5)
  9 endoplasms
  5 giant cockroaches
  4 goblins
  9 hobgoblins
  4 quokkas
  6 ball pythons
  3 bats
  2 frilled lizards (D:1)
  2 kobolds
  7 rats
88 creatures vanquished.

Notes
Turn   | Place    | Note
-------+----------+-------------------------------------------
     0 | D:1      | Sin92 the Djinni Fighter began the quest for the Orb.
     0 | D:1      | Reached XP level 1. HP: 20/20 MP: 0/0
   262 | D:1      | Reached XP level 2. HP: 19/25 MP: 0/0
  1147 | D:2      | Found a faded altar of an unknown god.
  1186 | D:2      | Reached XP level 3. HP: 30/30 MP: 0/0
  1186 | D:2      | Learned a level 1 spell: Summon Small Mammal
  1760 | D:2      | Reached XP level 4. HP: 35/35 MP: 0/0
  2214 | D:2      | Found a sparkling altar of Nemelex Xobeh.
  2272 | D:3      | Found a transporter.
  2368 | D:3      | Noticed a kobold brigand
  2389 | D:3      | Found a transporter.
  2910 | D:3      | Reached skill level 1 in Spellcasting
  2952 | D:3      | Reached XP level 5. HP: 37/40 MP: 0/0
  2952 | D:3      | Learned a level 2 spell: Searing Ray
  3115 | D:3      | Noticed concernfroge's ghost (weakling DECj)
  3226 | D:4      | Noticed a yak
  3236 | D:4      | Killed a yak
  3237 | D:4      | Reached XP level 6. HP: 38/47 MP: 0/0
  3283 | D:4      | Reached XP level 7. HP: 9/52 MP: 0/0
  3283 | D:4      | Learned a level 3 spell: Tukima's Dance
  3907 | D:4      | Found a blossoming altar of Fedhas.
  4274 | D:4      | Noticed Pikel
  4317 | D:4      | Killed Pikel
  4318 | D:4      | Reached XP level 8. HP: 39/58 MP: 0/0
  4324 | D:4      | Gained mutation: You have sharp fingernails. [potion of
                  | mutation]
  4324 | D:4      | Gained mutation: Your muscles are strong. (Str +2) [potion
                  | of mutation]
  4701 | D:5      | Entered Level 5 of the Dungeon
  4744 | D:5      | Reached skill level 5 in Axes
  4985 | D:5      | Noticed Ijyb
  4988 | D:5      | Noticed Eustachio
  5004 | D:5      | Reached skill level 5 in Fighting
  5004 | D:5      | Reached skill level 5 in Armour
  5006 | D:5      | Killed Ijyb
  5007 | D:5      | Reached skill level 5 in Shields
  5034 | D:5      | Killed Eustachio
  5035 | D:5      | Reached XP level 9. HP: 22/65 MP: 0/0
  5035 | D:5      | Learned a level 3 spell: Ignite Poison
  5042 | D:5      | Found a sparkling altar of Nemelex Xobeh.
  5614 | D:5      | Found a staircase to the Ecumenical Temple.
  5664 | Temple   | Entered the Ecumenical Temple
  5901 | Temple   | Became a worshipper of Warmaster Okawaru
  5966 | D:5      | Noticed Blork the orc
  5976 | D:5      | Killed Blork the orc
  6266 | D:5      | Noticed Duvessa
  6266 | D:5      | Noticed Dowan
  6287 | D:5      | Killed Duvessa
  6318 | D:5      | Killed from afar by Dowan

Illustrated notes

Levels and vault maps discovered:
D:1:      evilmike_arrival_crescent, layout_loops_ring,
          minmay_misc_feat_hallway, minmay_liquid_box, minmay_shallow_snake_nest
D:2:      layout_basic, hellmonk_ecumenical_altar_lost_god, basic_altar,
          kennysheep_nub
D:3:      layout_loops_ring, gammafunk_ghost_abyssal_escape
D:4:      layout_gridville, fedhas_altar_fruit_tree, minmay_manual_monstrance,
          uniq_pikel
D:5:      layout_loops_cross, nemelex_diamond_rough_becter,
          minmay_temple_entry_statues_pillars, minmay_checkerbox,
          uniq_blork_the_orc, uniq_ijyb, uniq_duvessa, uniq_eustachio
Temple:   regret_index_temple_generic_petals

Skill      XL: |  1  2  3  4  5  6  7  8  9 |
---------------+----------------------------+-----
Axes           | 2 3 4 5 |  5.9
Spellcasting   | 1 2 3 |  3.3
Fighting       | 4 5 |  5.6
Armour         | 4 5 |  5.5
Shields        | 4 5 |  5.5

Action                   |  1- 3 |  4- 6 |  7- 9 || total
-------------------------+-------+-------+-------++-------
Melee: War axe           |    74 |    84 |   221 ||   379
 Cast: Summon Small Mamm |       |       |     1 ||     1
  Use: Scroll            |     5 |     2 |     4 ||    11
       Potion            |       |     1 |    12 ||    13
 Stab: Invisible         |       |       |     4 ||     4
Armor: Scale mail        |     9 |       |       ||     9
       Chain mail        |    25 |    64 |   148 ||   237
Dodge: Dodged            |    32 |    27 |    86 ||   145
Block: Buckler           |    20 |    22 |    48 ||    90
